 Dungeon Crawl Stone Soup version 0.27-a0-1374-gc14e5d3922 (webtiles) character file.

Game seed: 13007599540214619291

2224 Lentor the Cleaver (level 9, -5/75 HPs)
             Began as a Minotaur Berserker on June 29, 2021.
             Was a Priest of Trog.
             Drowned by a water nymph (8 damage)
             ... on level 7 of the Dungeon.
             The game lasted 00:24:50 (7203 turns).

Lentor the Cleaver (Minotaur Berserker)             Turns: 7203, Time: 00:24:51

Health: -5/75      AC: 10    Str: 19    XL:     9   Next: 13%
Magic:  8/8        EV:  5    Int:  3    God:    Trog [***...]
Gold:   246        SH:  0    Dex: 11    Spells: 8/8 levels left

rFire    . . .     SeeInvis +   s - +0 war axe
rCold    . . .     Faith    .   q - +1 kite shield
rNeg     + . .     Spirit   .   C - +0 ring mail of Supib {rCorr Str-5 Slay+2 SInv}
rPois    +         Reflect  +   (helmet restricted)
rElec    .         Harm     .   z - +2 ratskin cloak {*Rats rPois rN+ Str-1 Int-1 Dex+1}
rCorr    +         Rampage  .   k - +0 pair of gloves
Will     .....                  (no boots)
Stlth    +.........             h - amulet of reflection
HPRegen  0.22/turn              l - ring of flight
MPRegen  0.11/turn              (no ring)

@: flying, held
A: horns 2, retaliatory headbutt
a: Renounce Religion, Berserk, Trog's Hand


You were on level 7 of the Dungeon.
You worshipped Trog.
Trog was most pleased with you.
You visited 2 branches of the dungeon, and saw 8 of its levels.

You collected 246 gold pieces.

Inventory:

Hand Weapons
 s - a +0 war axe (weapon)
Missiles
 f - 89 stones
 g - 57 poisoned darts
 o - 2 throwing nets
Armour
 k - a +0 pair of gloves (worn)
 q - a +1 kite shield (worn)
 z - the +2 ratskin cloak (worn) {*Rats rPois rN+ Str-1 Int-1 Dex+1}
   (You found it on level 4 of the Dungeon)

   Str:       It affects your strength (-1).
   Int:       It affects your intelligence (-1).
   Dex:       It affects your dexterity (+1).
   rPois:     It protects you from poison.
   rN:        It protects you from negative energy.
 C - the +0 ring mail of Supib (worn) {rCorr Str-5 Slay+2 SInv}
   (You found it on level 4 of the Dungeon)

   Str:       It affects your strength (-5).
   Slay:      It affects your accuracy & damage with ranged weapons and melee
   (+2).
   SInv:      It lets you see invisible.
   rCorr:     It protects you from acid and corrosion.
Jewellery
 a - a ring of protection from cold
 h - an amulet of reflection (around neck)
 l - a ring of flight (left hand)
 v - a ring of protection from cold
Wands
 c - a wand of flame (10)
 y - a wand of polymorph (6)
 A - a wand of acid (3)
Scrolls
 b - 6 scrolls of teleportation
 i - 2 scrolls of enchant armour
 j - a scroll of magic mapping {unknown}
 m - 2 scrolls of identify
Potions
 d - 2 potions of lignification
 e - a potion of cancellation {unknown}
 n - 2 potions of curing {unknown}
 p - a potion of might {unknown}
 r - a potion of attraction {unknown}
 t - a potion of ambrosia {unknown}
 u - 3 potions of heal wounds {unknown}
 w - a potion of magic {unknown}
 x - 2 potions of flight {unknown}
 B - 2 potions of mutation {unknown}


   Skills:
 + Level 6.2 Fighting
 + Level 9.5 Axes
 + Level 6.1 Armour
 + Level 4.2 Dodging
 + Level 0.2 Stealth
 + Level 5.8 Shields
 * Level 3.3 Evocations


You had 8 spell levels left.
You didn't know any spells.
Your spell library contained the following spells:

 Spells                   Type           Power      Damage    Failure   Level
 Animate Skeleton         Necr           0%         N/A       97%         1
 Pain                     Necr           0%         1d4       97%         1
 Vampiric Draining        Necr           0%         2d6       100%        3
 Animate Dead             Necr           0%         N/A       100%        4
 Agony                    Necr           0%         N/A       100%        5


Dungeon Overview and Level Annotations

Branches:
Dungeon (7/15)             Temple (1/1) D:4

Altars:
Ashenzari
Elyvilon
Fedhas
Kikubaaqudgha
Makhleb
Nemelex Xobeh
Okawaru
Qazlal
Ru
Sif Muna
Uskayaw
Vehumet
Wu Jian
Xom
Yredelemnul
The Shining One

Annotations:
D:7 Harold


Innate Abilities, Weirdness & Mutations

You have a pair of horns on your head.
You reflexively headbutt those who attack you in melee.


Message History

There is a stone staircase leading up here.
Items here: ( )) [ ÷.
There is a stone staircase leading down, spattered with blood here.
You fly downwards.
There is a stone staircase leading up here.
HP restored.
There is a stone staircase leading up here.
A two-headed ogre is nearby!
Unknown command.
Aiming: Polymorph
Press: ? - help, Shift-Dir - straight line, f - two-headed ogre
Aim: a two-headed ogre, wielding a +0 giant club and a +0 giant spiked club (will become a water nymph, a tarantella, or a glowing orange brain, chance to affect: 37%)
The two-headed ogre evaporates and reforms as a water nymph!
Harold the Weathered comes into view.
He is wielding a +0 battleaxe.
Harold shouts!
Harold fires a harpoon shot at you. The harpoon shot hits you!
You are yanked forward by the harpoon shot.
The gnoll shouts!
Harold says, "Ah, this is what I got into this business for!"
You block Harold's attack.
Harold throws a throwing net.
The throwing net hits you.
You become entangled in the net!
You hear a splash.
You see here a throwing net.
You struggle against the net.
The water nymph gestures at you while chanting.
The water rises up and strikes you!!
You struggle against the net.
The water nymph barely misses you. Harold completely misses you.
You furiously retaliate!
You headbutt Harold, but do no damage.
You struggle against the net.
The water nymph casts a spell at you. The water rises up and strikes you!!
* * * LOW HITPOINT WARNING * * *
Harold closely misses you.
You struggle against the net.
The water nymph touches you.
* * * LOW HITPOINT WARNING * * *
The water nymph drowns you!
You die...

....#.#.##### ##..####
#...........# ##..#
###.#.#..# #.. #<..#####
Og..)....# #.###...#.^.#
).......>####..#.........
..................>......
.........####≈≈?≈........
#####.#....)≈.≈m≈.......>
(......##≈≈#@........
......#.....@.........
.............######....
.........#..#.# ##..
#.?.......#..#.# #..#.#
## #.# #.. #..


You could see Harold and a water nymph.

Vanquished Creatures
  Joseph (D:6)
  A water moccasin (D:6)
  3 sky beasts
  2 black bears (D:5)
  2 ice beasts
  A necrophage (D:4)
  An ogre (D:5)
  A phantom (D:4)
  A bullfrog (D:6)
  A gnoll sergeant (D:6)
  2 scorpions
  A wyvern skeleton (D:6)
  A bullfrog zombie (D:6)
  2 gnoll shamans
  A centaur skeleton (D:4)
  An orc priest (D:4)
  2 iguanas (D:6)
  2 orc wizards (D:4)
  13 gnolls
  A howler monkey skeleton (D:4)
  7 adders
  A shadow imp (D:6)
  A white imp (D:6)
  An ufetubus (D:3)
  2 worms
  4 dart slugs
  12 orcs
  3 endoplasms
  3 giant cockroaches
  3 goblins
  5 hobgoblins
  7 kobolds
  2 quokkas
  8 ball pythons
  4 bats
  3 frilled lizards
  A rat (D:2)
107 creatures vanquished.

Vanquished Creatures (collateral kills)
  A wyvern (D:6)
1 creature vanquished.

Grand Total: 108 creatures vanquished

Notes
Turn   | Place    | Note
-------+----------+-------------------------------------------
     0 | D:1      | Lentor the Minotaur Berserker began the quest for the Orb.
     0 | D:1      | Reached XP level 1. HP: 19/19 MP: 0/0
   156 | D:1      | Reached skill level 4 in Axes
   168 | D:1      | Reached XP level 2. HP: 27/27 MP: 1/1
  1122 | D:2      | Reached XP level 3. HP: 18/33 MP: 2/2
  1445 | D:2      | Reached ** piety under Trog
  2178 | D:3      | Noticed an eye of devastation
  2191 | D:3      | Found a faded altar of an unknown god.
  2191 | D:3      | Noticed an eye of devastation
  2194 | D:3      | Noticed an eye of devastation
  2194 | D:3      | Noticed a golden eye
  2331 | D:3      | Reached XP level 4. HP: 36/40 MP: 3/3
  2351 | D:3      | Reached skill level 5 in Axes
  2897 | D:4      | Found an iron altar of Okawaru.
  2899 | D:4      | Noticed a scorpion
  2907 | D:4      | Killed a scorpion
  2908 | D:4      | Reached skill level 1 in Shields
  2908 | D:4      | Reached XP level 5. HP: 14/47 MP: 4/4
  2916 | D:4      | HP: 2/47 [poisoned by a scorpion]
  3545 | D:4      | Found a sacrificial altar of Ru.
  3633 | D:4      | Reached skill level 6 in Axes
  3633 | D:4      | Reached XP level 6. HP: 55/55 MP: 5/5
  3680 | D:4      | Found a staircase to the Ecumenical Temple.
  3694 | D:4      | Reached skill level 5 in Fighting
  3867 | Temple   | Entered the Ecumenical Temple
  4244 | D:4      | Noticed a +0 dagger
  4245 | D:4      | Noticed a +0 hand axe
  4246 | D:4      | Found a hide-covered altar of Uskayaw.
  4299 | D:4      | Noticed an ice beast
  4307 | D:4      | Killed an ice beast
  4308 | D:4      | Reached skill level 7 in Axes
  4308 | D:4      | Reached XP level 7. HP: 61/61 MP: 6/6
  4355 | D:4      | Found the +2 ratskin cloak {*Rats rPois rN+ Str-1 Int-1
                  | Dex+1}
  4431 | D:4      | Identified the +0 ring mail of Supib {rCorr Str-5 Slay+2
                  | SInv}
  4624 | D:5      | Entered Level 5 of the Dungeon
  4647 | D:5      | Reached *** piety under Trog
  5027 | D:5      | Reached skill level 8 in Axes
  5027 | D:5      | Reached skill level 1 in Evocations
  5524 | D:6      | Reached skill level 5 in Armour
  5524 | D:6      | Reached XP level 8. HP: 57/69 MP: 7/7
  5881 | D:6      | Reached skill level 9 in Axes
  6792 | D:7      | Noticed Joseph
  6793 | D:7      | Noticed a two-headed ogre
  6799 | D:6      | Reached skill level 5 in Shields
  6812 | D:6      | Killed Joseph
  7073 | D:6      | Reached XP level 9. HP: 75/75 MP: 8/8
  7195 | D:7      | Noticed a water nymph
  7195 | D:7      | a two-headed ogre changed into a water nymph
  7196 | D:7      | Noticed Harold
  7203 | D:7      | HP: 3/75 [water nymph (4)]
  7203 | D:7      | Drowned by a water nymph

Illustrated notes

Levels and vault maps discovered:
D:1:      lightli_arrival_chessboard, layout_rooms
D:2:      layout_basic
D:3:      layout_basic, hellmonk_ecumenical_altar_watching_god,
          serial_corexii_hall, corexii_hall_statues_t, corexii_hall_statues_i,
          kennysheep_doodads
D:4:      layout_loops_ring, okawaru_gym_becter,
          nicolae_ru_great_annihilating_truth, dancing_weapons_uskayaw,
          minmay_temple_entry_wispy
D:5:      layout_rooms
D:6:      layout_layer_cave
D:7:      layout_rooms, hangedman_abyss_or_decor_stagger, uniq_joseph,
          uniq_harold
Temple:   cyrus_circular_temple

Skill      XL: |  1  2  3  4  5  6  7  8 |
---------------+-------------------------+-----
Axes           | 4 5 6 7 8 9 |  9.5
Fighting       | 4 5 6 |  6.2
Armour         | 3 4 5 6 |  6.1
Shields        | 1 2 3 4 5 |  5.8
Dodging        | 3 4 |  4.2
Evocations     | 1 3 |  3.3
Stealth        | |  0.2

Action                   |  1- 3 |  4- 6 |  7- 9 || total
-------------------------+-------+-------+-------++-------
Melee: Hand axe          |    70 |       |       ||    70
       Headbutt          |    12 |    19 |    36 ||    67
       War axe           |     1 |   138 |   155 ||   294
Evoke: Wand              |       |       |     1 ||     1
  Use: Scroll            |       |       |     7 ||     7
Armor: Scale mail        |    18 |    69 |    27 ||   114
       Animal skin       |     3 |       |       ||     3
       Ring mail         |       |       |    17 ||    17
Dodge: Dodged            |    39 |    42 |    39 ||   120
Block: Other             |     4 |       |       ||     4
       Kite shield       |     2 |   103 |   130 ||   235
       Reflection        |       |     2 |     1 ||     3

Table legend: (Time is in decaauts)
 A = Elapsed time spent in this place.
 B = Non-inter-level travel time spent in this place.
 C = Inter-level travel time spent in this place.
 D = Time resting spent in this place.
 E = Time spent auto-exploring this place.
 F = Levels seen in this place.
 G = Mean time per level.
                   A        B        C        D        E       F      G
               +--------+--------+--------+--------+--------+-----+--------+
         Total |   7338 |   6850 |    488 |   1491 |   4077 |   8 |  917.2 |
       Dungeon |   7276 |   6788 |    488 |   1491 |   4025 |   7 | 1039.4 |
        Temple |     61 |     61 |      0 |      0 |     52 |   1 |   61.0 |
               +--------+--------+--------+--------+--------+-----+--------+

Top non-repeatable levels by time:
     D:6: 1567 daAuts
     D:3: 1434 daAuts
     D:4: 1362 daAuts
     D:1: 1179 daAuts
     D:2: 875 daAuts
     D:5: 750 daAuts
     D:7: 106 daAuts
  Temple: 61 daAuts
